 Dungeon Crawl Stone Soup version 0.14.0-12-g87ee3b7 (webtiles) character file.

13796 Heini the Basher (level 11, -4/98 (102) HPs)
             Began as a Minotaur Berserker on Apr 15, 2014.
             Was the Champion of Trog.
             Shot with a bolt by an orc warrior (10 damage)
             ... on Level 4 of the Orcish Mines on Apr 16, 2014.
             The game lasted 01:18:06 (12942 turns).

Heini the Basher (Minotaur Berserker)              Turns: 12942, Time: 01:18:07

HP  -4/98 (102)  AC 19     Str 24      XL: 11   Next: 65%
MP   1/1         EV  7     Int  4      God: Trog [******]
Gold 1101        SH  0     Dex 15      Spells:  0 memorised, 10 levels left

rFire  . . .     SeeInvis +     Y - +0,+7 dire flail (antimagic)
rCold  . . .     Clarity  .     V - +0 plate armour
rNeg   . . .     Conserve .     (no shield)
rPois  .         rCorr    .     (helmet restricted)
rElec  .         rRot     .     x - +2 cloak
SustAb . .       Spirit   .     (no gloves)
rMut   .         Warding  .     (no boots)
Saprov . . .     Stasis   .     (no amulet)
MR     .....                    F - ring of see invisible
                                o - +4 ring of dexterity

@: about to teleport, exhausted, slowed, very slow, not resistant to hostile
enchantments, extremely unstealthy
A: retaliatory headbutt, horns 2, sense surroundings 1
a: Burn Spellbooks, Berserk, Trog's Hand, Brothers in Arms, Renounce Religion


You were on level 4 of the Orcish Mines.
You worshipped Trog.
Trog was exalted by your worship.
You were very hungry.

You visited 2 branches of the dungeon, and saw 14 of its levels.
You also visited: Labyrinth.

You collected 1663 gold pieces.
You spent 562 gold pieces at shops.

Inventory:

Hand weapons
 Y - a +0,+7 anti-magic dire flail (weapon)
Missiles
 h - 20 stones (quivered)
Armour
 x - a +2 cloak (worn)
 V - a +0 plate armour (worn)
 X - a +0 plate armour
Magical devices
 b - a wand of confusion (12) {unknown}
 v - a wand of enslavement (11) {unknown}
 z - a wand of teleportation (3) {unknown}
 G - a wand of fire (5)
 K - a wand of magic darts (10) {unknown}
 L - a wand of disintegration (14)
 M - a wand of digging (9) {unknown}
 N - a wand of random effects (10) {unknown}
 O - a wand of paralysis (12) {unknown}
 P - a wand of disintegration (9)
 U - a wand of flame (8) {unknown}
Comestibles
 c - 6 bread rations
 f - 5 meat rations
 B - 2 honeycombs
 C - 2 apples
 J - 18 cheeses
 W - 3 sausages
Scrolls
 g - 3 scrolls of recharging {unknown}
 i - 2 scrolls of blinking
 j - 4 scrolls of remove curse
 p - 2 scrolls of random uselessness {unknown}
 q - 3 scrolls of teleportation
 w - 3 scrolls of amnesia {unknown}
 A - 2 scrolls of magic mapping {unknown}
 H - 3 scrolls of fog {unknown}
 I - a scroll of enchant weapon I {unknown}
 S - a scroll of fear {unknown}
Jewellery
 d - an uncursed amulet of stasis
 o - a +4 ring of dexterity (left hand)
 y - an uncursed ring of wizardry
 F - a ring of see invisible (right hand)
 T - an uncursed ring of protection from magic
Potions
 a - a potion of flight
 e - 7 potions of curing
 l - a potion of invisibility
 n - 3 potions of cure mutation
 r - a potion of haste
 s - 4 potions of brilliance {unknown}
 u - a potion of restore abilities
 D - a potion of might
 E - 2 potions of paralysis {unknown}
 Q - a potion of heal wounds {unknown}
 Z - 6 potions of confusion {unknown}
Miscellaneous
 R - a stone of tremors
Rods
 m - a +2 rod of clouds (12/12)
   (You took it off a minotaur in a labyrinth)


   Skills:
 * Level 11.3 Fighting
 * Level 14.9 Maces & Flails
 * Level 12.1 Armour
 - Level 2.8 Dodging


You had 10 spell levels left.
You didn't know any spells.

Dungeon Overview and Level Annotations

Branches:
Dungeon (10/15)            Temple (0/1) D:6             Orc (4/4) D:10
    Elf (0/3) Orc:4          Lair (0/8) D:8

Altars:
Ashenzari
Fedhas
Makhleb
Okawaru
Sif Muna
Yredelemnul

Shops:
D:5 *!}(}   D:8 [%   D:9 }   D:10 [   Orc:4 }


Innate Abilities, Weirdness & Mutations

You reflexively headbutt those who attack you in melee.
You have a pair of horns on your head.
You passively map a small area around you.


Message History

The orc shouts!
The orc unwields an uncursed dagger.
The orc wields an uncursed bow.
The orc shoots an arrow.
The arrow misses you.
The orc warrior shoots a bolt.
The bolt hits you!
* * * LOW HITPOINT WARNING * * *
The orc warrior unwields an uncursed great mace.
The orc warrior wields a crossbow.
The orc warrior shoots a bolt.
The bolt hits you!
* * * LOW HITPOINT WARNING * * *
You see here 2 bolts.
Read which item? (? for menu, Esc to quit)
As you read the scroll of teleportation, it crumbles to dust.
You feel strangely unstable.
The orc wields an uncursed bow.
The orc shoots an arrow.
The arrow hits you!
The orc warrior shoots a bolt.
The bolt hits you!
* * * LOW HITPOINT WARNING * * *
The orc warrior shoots a bolt.
The bolt misses you.
The centaur shoots an arrow.
The arrow hits you!
The orc warrior shoots a bolt.
The bolt hits you!
You die...

.......(...(.##
........(...oo##
.........(..ooo##
...##..##.o##ooc#
≈≈......o.(o##o.###
≈≈≈.......%%o#.(o.##
≈≈≈≈...........(..#
≈≈≈≈......#..((.# *
#≈≈≈≈.....#..@..# ,
.ooo..........$.#
..............##
≈≈≈.....#.....* * ≈
≈......#.....# ≈ ,
...,......# .#.....#
##.....# , ...


You could see 5 orc warriors, a centaur and 7 orcs.

Vanquished Creatures
  A minotaur (Lab)
  Erolcha (D:8)
  Pikel (D:8)
  The ghost of Deemzul the Grappler, an experienced VSMo of Okawaru (D:7)
  Prince Ribbit (D:8)
  3 two-headed ogres
  A troll (D:9)
  4 yaks
  Grum (D:10)
  2 hippogriffs
  A hungry ghost (D:8)
  A deep elf fighter (D:8)
  A hill giant skeleton (D:9)
  9 wargs (Orc:2)
  6 wolves
  A slave (D:8)
  A water moccasin (D:9)
  5 necrophages
  2 black bears
  A swamp drake (D:10)
  6 centaurs
  7 orc warriors
  A sky beast (D:7)
  An ice beast (D:9)
  A lava worm (D:10)
  9 ogres
  A crocodile (D:8)
  A yellow wasp (D:8)
  7 giant frogs
  2 scorpions
  12 wights
  A yak zombie (D:8)
  A lava snake (D:10)
  2 goliath beetles
  3 crimson imps
  3 jellies
  2 centaur skeletons (D:9)
  2 giant frog zombies
  6 hounds
  13 orc priests
  An iguana (D:5)
  An orange rat (D:7)
  16 orc wizards
  6 worker ants
  A killer bee zombie (D:8)
  Jessica (D:3)
  3 adders
  7 gnolls
  3 orc zombies
  3 green rats (D:7)
  A giant mite (D:6)
  3 shadow imps
  6 worms
  2 orc skeletons (D:7)
  2 giant eyeballs
  An ooze (D:2)
  114 orcs
  22 bats
  A bat skeleton (D:7)
  15 giant cockroaches
  19 hobgoblins
  13 jackals
  3 quokkas
  2 ball pythons
  10 giant geckos
  A giant gecko zombie (D:8)
  2 giant newts
  A gnoll skeleton (D:4)
  24 goblins
  16 kobolds
  A kobold skeleton (D:8)
  A kobold zombie (D:8)
  25 rats
  A ballistomycete (D:6)
  A bush (D:8)
  A fungus (D:8)
  A plant (D:8)
456 creatures vanquished.

Vanquished Creatures (others)
  A slave (D:8)
  A crimson imp (D:8)
  A giant spore (D:6)
  A plant (D:8)
  4 toadstools (D:1)
8 creatures vanquished.

Grand Total: 464 creatures vanquished

Notes
Turn   | Place    | Note
--------------------------------------------------------------
     0 | D:1      | Heini, the Minotaur Berserker, began the quest for the Orb.
     0 | D:1      | Reached XP level 1. HP: 19/19 MP: 1/1
   288 | D:1      | Reached XP level 2. HP: 22/27 MP: 1/1
   642 | D:2      | Reached skill level 4 in Maces & Flails
   701 | D:2      | Acquired Trog's second power
   885 | D:2      | Reached XP level 3. HP: 23/33 MP: 2/2
  1130 | D:3      | Noticed Jessica
  1142 | D:3      | Killed Jessica
  1207 | D:3      | Reached XP level 4. HP: 39/41 MP: 2/2
  1514 | D:3      | Reached skill level 5 in Maces & Flails
  1790 | D:3      | Reached XP level 5. HP: 10/47 MP: 2/2
  2154 | D:3      | Reached skill level 5 in Fighting
  2495 | D:4      | Paralysed by a giant eyeball for 4 turns
  2759 | D:4      | Reached skill level 6 in Maces & Flails
  2763 | D:4      | Found a burning altar of Makhleb.
  2763 | D:4      | Found a shattered altar of Ashenzari.
  2764 | D:4      | Found a basalt altar of Yredelemnul.
  2817 | D:4      | Noticed a black bear
  2830 | D:4      | Killed a black bear
  2830 | D:4      | Reached XP level 6. HP: 36/56 MP: 3/3
  3162 | D:4      | Noticed an ogre
  3170 | D:4      | Killed an ogre
  3170 | D:4      | Reached skill level 7 in Maces & Flails
  3327 | D:5      | Entered Level 5 of the Dungeon
  3327 | D:5      | Found Kada's Assorted Antiques.
  3336 | D:5      | Acquired Trog's third power
  3340 | D:5      | Reached XP level 7. HP: 62/62 MP: 3/3
  3457 | D:5      | Found Heihimiu's Gadget Emporium.
  3670 | D:5      | Found Amale's Distillery.
  4050 | D:5      | Found Ofriet's Weapon Emporium.
  4064 | D:5      | Found an iron altar of Okawaru.
  4078 | D:5      | Found a deep blue altar of Sif Muna.
  4129 | D:5      | Found Mneira's Gadget Boutique.
  4300 | D:6      | Reached skill level 8 in Maces & Flails
  4318 | D:6      | Found a staircase to the Ecumenical Temple.
  4610 | D:6      | Reached skill level 5 in Armour
  5055 | D:6      | Reached XP level 8. HP: 71/71 MP: 3/3
  5101 | D:7      | Reached skill level 9 in Maces & Flails
  5291 | D:7      | Noticed Deemzul's ghost (experienced VSMo)
  5308 | D:7      | Killed Deemzul's ghost
  5308 | D:7      | Reached skill level 10 in Maces & Flails
  5308 | D:7      | Reached XP level 9. HP: 42/80 MP: 4/4
  5506 | D:7      | Noticed a two-headed ogre
  5517 | D:7      | Killed a two-headed ogre
  5938 | D:7      | HP: 1/81 [centaur/arrow (5)]
  6252 | D:7      | Reached skill level 11 in Maces & Flails
  6475 | D:7      | Paralysed by a giant eyeball for 2 turns
  6612 | D:8      | Noticed Pikel
  6625 | D:8      | Killed Pikel
  6892 | D:8      | Found Psity's Antique Armour Shop.
  6900 | D:8      | Reached skill level 10 in Armour
  6901 | D:8      | Found Kharut's Food Emporium.
  7002 | D:8      | Received a gift from Trog
  7025 | D:8      | Found a staircase to the Lair.
  7069 | D:8      | Reached XP level 10. HP: 85/90 MP: 4/4
  7197 | D:8      | Reached skill level 12 in Maces & Flails
  7283 | D:8      | Noticed Prince Ribbit
  7292 | D:8      | Killed Prince Ribbit
  7498 | D:8      | Noticed Erolcha
  7506 | D:8      | Killed Erolcha
  7629 | D:8      | Found a blossoming altar of Fedhas.
  8133 | D:9      | Reached skill level 13 in Maces & Flails
  8211 | D:9      | Reached skill level 10 in Fighting
  8345 | D:9      | Found Crann's Gadget Emporium.
  8935 | D:5      | Bought a potion of mutation for 37 gold pieces
  8935 | D:5      | Bought a potion of beneficial mutation for 525 gold pieces
  8941 | D:5      | Gained mutation: You are frail (-10% HP). [potion of mutation]
  8941 | D:5      | Gained mutation: You are partially covered in large bone plates (AC +2, SH +2). [potion of mutation]
  8941 | D:5      | Gained mutation: You are weak. (Str -2) [potion of mutation]
  8942 | D:5      | Lost mutation: You are partially covered in large bone plates (AC +2, SH +2). [potion of cure mutation]
  8942 | D:5      | Lost mutation: You are frail (-10% HP). [potion of cure mutation]
  8942 | D:5      | Lost mutation: You are weak. (Str -2) [potion of cure mutation]
  8945 | D:5      | Gained mutation: You passively map a small area around you. [potion of beneficial mutation]
  9090 | D:10     | Entered Level 10 of the Dungeon
  9389 | D:10     | Found Xyczaf's Armour Shop.
  9510 | D:10     | Reached XP level 11. HP: 84/100 MP: 4/4
  9600 | D:10     | Noticed Grum
  9620 | D:10     | Killed Grum
  9674 | D:10     | Found a staircase to the Orcish Mines.
  9723 | D:10     | Received a gift from Trog
 10359 | D:10     | Reached skill level 14 in Maces & Flails
 10384 | Orc:1    | Entered Level 1 of the Orcish Mines
 11713 | Orc:2    | Received a gift from Trog
 12213 | Orc:4    | Entered Level 4 of the Orcish Mines
 12256 | Orc:4    | Found a staircase to the Elven Halls.
 12324 | Orc:4    | Found a labyrinth entrance.
 12326 | Orc:4    | Found Wawaacet's Gadget Shoppe.
 12354 | Lab      | Entered a labyrinth
 12855 | Lab      | Noticed a minotaur
 12861 | Lab      | Killed a minotaur
 12942 | Orc:4    | Shot with a bolt by an orc warrior

Action                   |  1- 3 |  4- 6 |  7- 9 | 10-12 || total
-------------------------+-------+-------+-------+-------++-------
Melee: Mace              |    82 |   112 |     3 |       ||   197
       Flail             |       |       |   125 |       ||   125
       Morningstar       |       |       |   199 |   244 ||   443
       Dire flail        |       |       |       |   238 ||   238
Invok: Berserk           |       |     3 |     3 |     7 ||    13
       Burn Spellbooks   |       |       |     1 |       ||     1
Evoke: Wand              |       |       |     1 |     2 ||     3
  Use: Scroll            |     1 |       |    10 |     5 ||    16
       Potion            |       |       |     1 |     3 ||     4
 Stab: Sleeping          |     1 |       |       |       ||     1
